 Dungeon Crawl Stone Soup version 0.28.0-53-g5a82cb258f (webtiles) character file.

Game seed: 17822514651232766190

25 pkoi the Insei (level 2, -1/22 HPs)
             Began as a Demigod Transmuter on May 23, 2022.
             Slain by Terence
             ... wielding a +0 flail
              (11 damage)
             ... on level 2 of the Dungeon.
             The game lasted 00:01:15 (1298 turns).

pkoi the Insei (Demigod Transmuter)                 Turns: 1298, Time: 00:01:16

Health: -1/22      AC:  2    Str: 11    XL:     2   Next: 63%
Magic:  5/7        EV: 12    Int: 15    God:
Gold:   51         SH:  0    Dex: 14    Spells: 1/4 levels left

rFire   . . .      SeeInvis .     - Unarmed
rCold   . . .      Faith    .   (no shield)
rNeg    . . .      Spirit   .   a - +0 robe
rPois   .          Reflect  .   (helmet currently unavailable)
rElec   .          Harm     .   (no cloak)
rCorr   .          Rampage  .   (no gloves)
Will    .....                   (boots currently unavailable)
Stlth   +.........              (no amulet)
HPRegen 0.07/turn               (no ring)
MPRegen 0.10/turn               (no ring)

@: appendages (expiring), wereblooded
A: horns 2, talons 2, high MP 1, forlorn, divine attributes
a: End Transformation


You were on level 2 of the Dungeon.
You had temporarily grown beastly horns and talons.
You visited 1 branch of the dungeon, and saw 2 of its levels.

You collected 51 gold pieces.

Inventory:

Armour
 a - a +0 robe (worn)
Potions
 b - a potion of might {unknown}


   Skills:
 - Level 0.8 Fighting
 - Level 1.7 Dodging
 * Level 3.3 Unarmed Combat
 - Level 1.7 Spellcasting
 + Level 2.3 Transmutations


You had one spell level left.
You knew the following spells:

 Your Spells              Type           Power      Damage    Failure   Level
a - Beastly Appendage     Tmut           16%        N/A       9%          1
b - Wereblood             Tmut           8%         N/A       13%         2

Your spell library contained the following spells:

 Spells                   Type           Power      Damage    Failure   Level
 Slow                     Hex            4%         N/A       22%         1
 Spider Form              Tmut/Pois      4%         N/A       38%         3
 Confusing Touch          Hex            1%         N/A       56%         3
 Vampiric Draining        Necr           1%         2d6       56%         3
 Ice Form                 Ice/Tmut       4%         N/A       80%         4


Dungeon Overview and Level Annotations

Branches:
Dungeon (2/15)

Annotations:
D:2 Terence


Innate Abilities, Weirdness & Mutations

You have temporarily grown beastly horns and talons.
You have an increased reservoir of magic. (+10% MP)
You shall have no god before yourself.
Your divine heritage dramatically boosts your attributes as you level up.


Message History

Casting: Beastly Appendage (safe; 9% risk of failure)
Confirm with . or Enter, or press ? or * to list all spells.
You grow a pair of large bovine horns.
Your feet morph into talons.
Casting: Beastly Appendage (safe; 9% risk of failure)
Confirm with . or Enter, or press ? or * to list all spells.
Your blood is infused with primal strength.
A rat comes into view.
You hit the quokka.
The quokka is almost dead.
The quokka barely misses you.
You hit the quokka.
You kill the quokka!
A frilled lizard comes into view.
Found a short sword.
Found two stone staircases leading up.
You howl as the wereblood boils in your veins!
The frilled lizard hisses angrily.
You hear a shout!
The rat barely misses you.
You barely miss the rat. The rat bites you.
You hit the rat.
You feel a bit better.
You kill the rat!
You howl as the wereblood boils in your veins!
Terence the Incautious comes into view.
He is wielding a +0 flail.
You closely miss the frilled lizard. Your kick misses the frilled lizard.
Your headbutt misses the frilled lizard.
The frilled lizard closely misses you.
You hit the frilled lizard.
You kill the frilled lizard!
You howl as the wereblood boils in your veins!
You hear a shout!
Terence screams, "I want your blood!"
You hit Terence but do no damage. You headbutt Terence, but do no damage.
Terence hits you with a +0 flail!
Ouch! That really hurt!
* * * LOW HITPOINT WARNING * * *
You hit Terence.
Terence is moderately wounded.
Your transformation is almost over.
Terence hits you with a +0 flail!
Ouch! That really hurt!
You die...

..<.........
<.........
........... #..
......# # #...
).$.. . ###.... ...
.# ..#.##.##.##.#
.......@@...# .#
#..#.......# ..#
#..####.##.##..#
#..............#
...##.............#
..................#
..###.#####...#.#.#
# #<........#
#.#...#.#.#


You could see Terence.

Vanquished Creatures
  2 ball pythons (D:1)
  2 giant cockroaches (D:1)
  2 hobgoblins (D:1)
  2 quokkas
  A bat (D:1)
  2 frilled lizards
  5 goblins (D:1)
  4 kobolds (D:1)
  3 rats
23 creatures vanquished.

Notes
Turn   | Place    | Note
-------+----------+-------------------------------------------
     0 | D:1      | pkoi the Demigod Transmuter began the quest for the Orb.
     0 | D:1      | Reached XP level 1. HP: 15/15 MP: 5/5
   441 | D:1      | Reached skill level 3 in Unarmed Combat
   486 | D:1      | Reached XP level 2. HP: 17/22 MP: 5/7
  1022 | D:1      | Learned a level 2 spell: Wereblood
  1294 | D:2      | Noticed Terence
  1298 | D:2      | Slain by Terence

Illustrated notes

Levels and vault maps discovered:
D:1:      dpeg_arrival_simpleton_b, layout_loops_cross
D:2:      layout_basic, kennysheep_generic_room_5, uniq_terence, uniq_jessica

Skill      XL: |  1 |
---------------+----+-----
Transmutations | 2 |  2.3
Unarmed Combat | 3 |  3.3
Fighting       | |  0.8
Dodging        | |  1.7
Spellcasting   | |  1.7

Action                   || total
-------------------------++-------
Melee: Unarmed           ||    45
       Kick              ||     9
       Headbutt          ||     7
 Cast: Beastly Appendage ||    11
       Wereblood         ||     1
 Stab: Sleeping          ||     1
Armor: Robe              ||    12
Dodge: Dodged            ||    16
